[ AOE2 MATCH · #463300258 ]
UnrankedChinese vs Vikings
[ REPLAY ANALYSIS · EXTRACTED FROM THE RECORDED GAME ]
Feudal
13:18
Castle
20:04
Imperial
37:02
| APM avg | 30.5 |
| APM peak | 78 |
| eAPM avg | 12.5 |
| Villagers / military | 106 / 104 |
Focus
⚔️ 29.4% · 🌾 70.6%
Archer ×101 · Fishing Ship ×5 · Monk ×3 · Unknown (2626) ×1
Feudal
15:04
Castle
23:44
Imperial
41:06
| APM avg | 25.7 |
| APM peak | 53 |
| eAPM avg | 14.0 |
| Villagers / military | 100 / 61 |
Focus
⚔️ 31.5% · 🌾 68.5%
Archer ×22 · Berserk ×19 · Longboat ×12 · Galley ×8 · Fishing Ship ×8 · Trade Cart ×2
Feudal
13:33
Castle
26:54
Imperial
41:36
| APM avg | 32.2 |
| APM peak | 76 |
| eAPM avg | 15.1 |
| Villagers / military | 66 / 84 |
Focus
⚔️ 36.1% · 🌾 63.9%
Archer ×67 · Fishing Ship ×10 · Mangonel ×8 · Scorpion ×5 · Fire Galley ×2 · Battering Ram ×2
Feudal
14:31
Castle
21:21
Imperial
38:32
| APM avg | 36.0 |
| APM peak | 94 |
| eAPM avg | 21.0 |
| Villagers / military | 128 / 121 |
Focus
⚔️ 27.2% · 🌾 72.8%
Archer ×117 · Fishing Ship ×5 · Trebuchet (Packed) ×2 · Galley ×1 · Demolition Raft ×1
Feudal
12:53
Castle
20:45
Imperial
34:58
| APM avg | 44.1 |
| APM peak | 92 |
| eAPM avg | 19.8 |
| Villagers / military | 110 / 83 |
Focus
⚔️ 48.3% · 🌾 51.7%
Galley ×25 · Skirmisher ×22 · Urumi Swordsman ×20 · Fishing Ship ×7 · Mangonel ×4 · Trebuchet (Packed) ×4
Feudal
12:55
Castle
26:17
Imperial
42:14
| APM avg | 22.7 |
| APM peak | 49 |
| eAPM avg | 11.2 |
| Villagers / military | 107 / 57 |
Focus
⚔️ 16.0% · 🌾 84.0%
Knight ×52 · Scout Cavalry ×3 · Monk ×2
Match map
Initial resources + every placement click. Lines = walls · curves = elevation contours. ◆ gold · ⬟ stone · ● berries · ✦ relic · ◌ wall gap
Inputs per minute
— Confiturier - - Lord McKinsey
Build order — Confiturier
First 150 of 295 actions detected
| 0:55 | Build | Town Center |
| 2:40 | Build | Dock |
| 3:17 | Research | Loom |
| 3:34 | Create | Fishing Ship |
| 4:14 | Create | Villager (Male) |
| 4:14 | Create | Villager (Male) |
| 4:46 | Create | Villager (Male) |
| 5:00 | Create | Villager (Male) |
| 5:41 | Create | Villager (Male) |
| 5:41 | Create | Villager (Male) |
| 5:44 | Create | Fishing Ship |
| 5:44 | Create | Fishing Ship |
| 6:00 | Create | Villager (Male) |
| 6:19 | Build | House |
| 6:29 | Create | Fishing Ship |
| 6:30 | Create | Villager (Male) |
| 6:58 | Create | Villager (Male) |
| 6:58 | Create | Villager (Male) |
| 7:00 | Create | Fishing Ship |
| 7:32 | Create | Villager (Male) |
| 7:54 | Build | House |
| 7:55 | Create | Villager (Male) |
| 8:07 | Create | Villager (Male) |
| 8:34 | Create | Villager (Male) |
| 8:55 | Build | Mill |
| 8:58 | Create | Villager (Male) |
| 9:40 | Create | Villager (Male) |
| 9:42 | Build | House |
| 10:10 | Create | Villager (Male) |
| 10:38 | Create | Villager (Male) |
| 11:06 | Build | Mining Camp |
| 11:08 | Research | Feudal Age |
| 11:33 | Build | Dock |
| 12:44 | Build | Barracks |
| 12:49 | Create | Villager (Male) |
| 13:09 | Build | Lumber Camp |
| 13:18 | Age | Feudal Age |
| 13:25 | Create | Villager (Male) |
| 13:36 | Create | Unit 2626 |
| 13:53 | Research | Double-Bit Axe |
| 14:04 | Create | Villager (Male) |
| 14:06 | Build | House |
| 14:32 | Create | Villager (Male) |
| 14:42 | Build | Blacksmith |
| 14:56 | Create | Villager (Male) |
| 15:00 | Build | Farm |
| 15:01 | Build | Farm |
| 15:08 | Research | Horse Collar |
| 15:18 | Build | House |
| 15:27 | Create | Villager (Male) |
| 15:28 | Create | Villager (Male) |
| 15:31 | Build | Farm |
| 15:38 | Build | Farm |
| 16:29 | Create | Villager (Male) |
| 16:35 | Build | Archery Range |
| 16:55 | Create | Villager (Male) |
| 17:14 | Build | Lumber Camp |
| 17:24 | Research | Castle Age |
| 17:24 | Research | Castle Age |
| 17:29 | Build | Archery Range |
| 17:47 | Build | House |
| 18:00 | Research | Gold Mining |
| 18:11 | Build | Palisade Wall |
| 18:28 | Create | Archer |
| 18:38 | Build | Archery Range |
| 18:52 | Create | Archer |
| 18:59 | Create | Villager (Male) |
| 19:10 | Build | Mill |
| 19:11 | Create | Archer |
| 19:29 | Create | Archer |
| 19:34 | Create | Archer |
| 19:54 | Build | House |
| 20:04 | Age | Castle Age |
| 20:05 | Research | Bow Saw |
| 20:07 | Research | Gold Shaft Mining |
| 20:17 | Create | Archer ×2 |
| 20:24 | Build | University |
| 20:25 | Create | Archer |
| 20:28 | Create | Villager (Male) |
| 20:39 | Create | Villager (Male) |
| 20:47 | Create | Archer |
| 21:23 | Research | Fletching |
| 21:25 | Research | Thumb Ring |
| 21:25 | Create | Archer |
| 21:26 | Create | Archer |
| 21:26 | Create | Villager (Male) |
| 21:31 | Build | House |
| 21:33 | Create | Villager (Male) |
| 21:40 | Create | Villager (Male) |
| 21:48 | Build | House |
| 21:50 | Create | Archer |
| 21:50 | Create | Archer ×2 |
| 21:50 | Create | Archer |
| 21:56 | Create | Villager (Male) |
| 22:03 | Build | Monastery |
| 22:07 | Create | Archer |
| 22:07 | Create | Archer |
| 22:09 | Build | House |
| 22:17 | Create | Archer |
| 22:17 | Create | Archer |
| 22:37 | Create | Archer |
| 22:46 | Create | Villager (Male) |
| 23:05 | Build | Mining Camp |
| 23:06 | Create | Villager (Male) |
| 23:09 | Create | Archer ×2 |
| 23:09 | Create | Archer ×2 |
| 23:13 | Create | Villager (Male) |
| 23:20 | Create | Villager (Male) |
| 23:25 | Build | Town Center |
| 23:34 | Create | Villager (Male) |
| 23:40 | Create | Monk |
| 23:54 | Research | Crossbowman (upgrade) |
| 23:56 | Create | Villager (Male) |
| 23:58 | Create | Archer |
| 24:20 | Create | Villager (Male) |
| 24:32 | Build | Town Center |
| 24:44 | Create | Villager (Male) |
| 25:07 | Research | Bodkin Arrow |
| 25:11 | Build | Farm |
| 25:12 | Build | Farm |
| 25:12 | Build | Farm |
| 25:12 | Build | Farm |
| 25:12 | Build | Farm |
| 25:13 | Build | Farm |
| 25:13 | Build | Farm |
| 25:14 | Create | Villager (Male) |
| 25:18 | Create | Archer ×3 |
| 25:56 | Create | Archer ×2 |
| 25:58 | Create | Villager (Male) |
| 26:12 | Create | Villager (Male) |
| 26:13 | Create | Archer ×2 |
| 26:21 | Create | Villager (Male) |
| 26:42 | Create | Villager (Male) |
| 26:49 | Build | Farm |
| 26:49 | Build | Farm |
| 26:49 | Build | Farm |
| 26:50 | Build | Farm |
| 26:50 | Build | Farm |
| 26:52 | Create | Villager (Male) |
| 26:54 | Build | Farm |
| 26:55 | Build | Farm |
| 26:56 | Build | Farm |
| 26:56 | Create | Villager (Male) |
| 27:10 | Create | Archer ×5 |
| 27:16 | Create | Villager (Male) |
| 27:17 | Create | Villager (Male) |
| 27:38 | Create | Villager (Male) |
| 27:41 | Build | Farm |
| 27:42 | Build | Farm |
| 27:42 | Create | Villager (Male) |
Build order — Lord McKinsey
First 150 of 347 actions detected
| 1:34 | Build | Town Center |
| 2:04 | Build | House |
| 3:18 | Create | Villager (Male) |
| 3:18 | Create | Villager (Male) |
| 3:18 | Create | Villager (Male) |
| 3:19 | Create | Villager (Male) |
| 3:19 | Create | Villager (Male) |
| 3:31 | Build | Dock |
| 4:19 | Create | Fishing Ship |
| 4:55 | Research | Loom |
| 5:13 | Create | Fishing Ship |
| 5:41 | Create | Villager (Male) |
| 5:59 | Create | Fishing Ship |
| 6:17 | Create | Villager (Male) |
| 6:42 | Create | Villager (Male) |
| 6:52 | Build | House |
| 6:56 | Create | Villager (Male) |
| 7:42 | Create | Villager (Male) |
| 7:42 | Create | Villager (Male) |
| 7:44 | Create | Fishing Ship |
| 8:12 | Create | Villager (Male) |
| 8:13 | Create | Fishing Ship |
| 8:34 | Create | Villager (Male) |
| 8:39 | Build | House |
| 9:07 | Create | Villager (Male) |
| 9:08 | Create | Fishing Ship |
| 9:22 | Build | House |
| 9:38 | Create | Villager (Male) |
| 9:56 | Create | Villager (Male) |
| 10:01 | Create | Fishing Ship |
| 10:21 | Create | Villager (Male) |
| 10:40 | Build | House |
| 10:42 | Build | House |
| 10:43 | Build | House |
| 10:45 | Create | Villager (Male) |
| 11:08 | Create | Villager (Male) |
| 11:16 | Build | House |
| 11:47 | Create | Villager (Male) |
| 11:53 | Create | Fishing Ship |
| 12:03 | Build | Mining Camp |
| 12:29 | Create | Villager (Male) |
| 12:31 | Research | Feudal Age |
| 12:40 | Build | Dock |
| 13:29 | Create | Villager (Male) |
| 14:39 | Build | House |
| 14:46 | Build | Palisade Wall |
| 14:46 | Build | Palisade Wall |
| 15:04 | Age | Feudal Age |
| 15:07 | Create | Galley |
| 15:07 | Create | Galley |
| 15:09 | Create | Villager (Male) |
| 15:39 | Build | Blacksmith |
| 16:03 | Create | Villager (Male) |
| 16:09 | Create | Galley |
| 16:09 | Create | Galley |
| 16:20 | Create | Villager (Male) |
| 16:36 | Create | Galley |
| 16:56 | Create | Villager (Male) |
| 17:06 | Create | Villager (Male) |
| 17:28 | Build | House |
| 17:48 | Create | Villager (Male) |
| 17:51 | Research | Fletching |
| 18:00 | Create | Villager (Male) |
| 18:28 | Build | Dock |
| 18:33 | Create | Villager (Male) |
| 19:04 | Build | Mill |
| 19:15 | Create | Villager (Male) |
| 19:18 | Build | House |
| 19:19 | Build | House |
| 19:19 | Build | House |
| 19:45 | Create | Galley |
| 20:01 | Create | Villager (Male) |
| 20:08 | Build | Market |
| 20:25 | Build | House |
| 20:39 | Create | Villager (Male) |
| 20:48 | Research | Castle Age |
| 20:52 | Create | Galley |
| 20:53 | Create | Galley |
| 20:55 | Create | Villager (Male) |
| 22:00 | Build | Stone Wall |
| 22:41 | Build | Building 490 |
| 22:45 | Build | House |
| 23:27 | Build | Mining Camp |
| 23:44 | Age | Castle Age |
| 23:49 | Build | Stone Wall |
| 23:53 | Build | Stone Wall |
| 23:55 | Build | Stone Wall |
| 23:56 | Build | Stone Wall |
| 24:03 | Build | Stone Wall |
| 24:13 | Create | Longboat |
| 24:13 | Create | Longboat |
| 24:14 | Create | Longboat |
| 24:14 | Create | Longboat |
| 24:14 | Create | Longboat |
| 24:14 | Create | Longboat |
| 24:15 | Create | Villager (Male) |
| 24:31 | Build | Lumber Camp |
| 24:34 | Create | Villager (Male) |
| 24:36 | Research | Horse Collar |
| 24:36 | Research | Horse Collar |
| 24:53 | Build | Building 673 |
| 25:07 | Create | Villager (Male) |
| 25:07 | Create | Villager (Male) |
| 25:22 | Build | Town Center |
| 25:28 | Create | Villager (Male) |
| 25:32 | Research | Heavy Plow |
| 25:32 | Research | Heavy Plow |
| 25:33 | Research | Double-Bit Axe |
| 25:33 | Research | Double-Bit Axe |
| 25:35 | Research | Gold Mining |
| 25:45 | Create | Villager (Male) |
| 26:09 | Create | Villager (Male) |
| 26:18 | Create | Villager (Male) |
| 26:51 | Research | Bodkin Arrow |
| 26:58 | Build | University |
| 27:07 | Create | Villager (Male) |
| 27:07 | Create | Villager (Male) |
| 27:14 | Create | Longboat |
| 27:14 | Create | Longboat |
| 27:15 | Create | Longboat |
| 27:15 | Create | Longboat |
| 27:15 | Create | Longboat |
| 27:15 | Create | Longboat |
| 27:26 | Research | Bow Saw |
| 27:27 | Research | Gold Shaft Mining |
| 27:30 | Create | Villager (Male) |
| 27:43 | Build | Lumber Camp |
| 27:48 | Create | Villager (Male) |
| 27:57 | Research | Ballistics |
| 27:58 | Research | Careening |
| 27:58 | Research | Tech 908 |
| 28:03 | Create | Villager (Male) |
| 28:35 | Create | Villager (Male) |
| 28:35 | Create | Villager (Male) |
| 28:56 | Create | Villager (Male) |
| 29:08 | Build | House |
| 29:09 | Build | House |
| 29:09 | Build | House |
| 29:09 | Build | House |
| 29:09 | Build | House |
| 29:09 | Build | House |
| 29:24 | Create | Villager (Male) |
| 29:24 | Create | Villager (Male) |
| 29:53 | Build | Farm |
| 29:54 | Build | Farm |
| 29:54 | Build | Farm |
| 29:55 | Build | Farm |
| 29:55 | Build | Farm |
| 29:56 | Build | Farm |
| 29:56 | Build | Farm |
Build order — Sojasucray
First 150 of 292 actions detected
| 1:02 | Build | Town Center |
| 1:26 | Build | House |
| 2:47 | Create | Villager (Male) |
| 2:47 | Create | Villager (Male) |
| 2:47 | Create | Villager (Male) |
| 2:48 | Create | Villager (Male) |
| 2:48 | Create | Villager (Male) |
| 2:53 | Build | Dock |
| 3:43 | Create | Fishing Ship |
| 3:43 | Create | Fishing Ship |
| 4:27 | Build | House |
| 4:33 | Research | Loom |
| 4:33 | Research | Loom |
| 5:00 | Create | Fishing Ship |
| 5:00 | Create | Fishing Ship |
| 5:18 | Create | Villager (Male) |
| 5:18 | Create | Villager (Male) |
| 6:01 | Create | Fishing Ship |
| 6:01 | Create | Fishing Ship |
| 6:25 | Create | Fishing Ship |
| 6:26 | Create | Fishing Ship |
| 6:46 | Create | Villager (Male) |
| 6:54 | Build | House |
| 7:23 | Create | Villager (Male) |
| 7:23 | Create | Villager (Male) |
| 7:46 | Create | Villager (Male) |
| 7:46 | Create | Villager (Male) |
| 8:16 | Create | Villager (Male) |
| 8:17 | Create | Villager (Male) |
| 8:22 | Create | Fishing Ship |
| 8:22 | Create | Fishing Ship |
| 8:55 | Build | Settlement |
| 9:00 | Create | Villager (Male) |
| 9:36 | Create | Villager (Male) |
| 9:41 | Create | Villager (Male) |
| 9:48 | Create | Villager (Male) |
| 9:51 | Create | Villager (Male) |
| 10:18 | Create | Villager (Male) |
| 10:23 | Build | House |
| 10:48 | Create | Villager (Male) |
| 11:23 | Research | Feudal Age |
| 11:23 | Research | Feudal Age |
| 11:27 | Build | Barracks |
| 12:30 | Build | House |
| 12:33 | Build | Palisade Wall |
| 13:33 | Age | Feudal Age |
| 13:36 | Build | Archery Range |
| 13:39 | Research | Double-Bit Axe |
| 13:46 | Create | Unit 2626 |
| 13:46 | Create | Unit 2626 |
| 14:12 | Create | Villager (Male) |
| 14:12 | Create | Villager (Male) |
| 14:18 | Build | Blacksmith |
| 15:03 | Research | Gold Mining |
| 15:03 | Research | Gold Mining |
| 15:04 | Create | Villager (Male) |
| 15:05 | Create | Archer |
| 15:05 | Create | Archer |
| 15:24 | Create | Archer |
| 15:24 | Create | Archer |
| 15:30 | Research | Fletching |
| 15:36 | Build | House |
| 15:46 | Research | Padded Archer Armor |
| 15:46 | Create | Villager (Male) |
| 16:20 | Create | Villager (Male) |
| 16:21 | Create | Villager (Male) |
| 16:22 | Create | Archer |
| 16:22 | Create | Archer |
| 16:25 | Build | Archery Range |
| 16:44 | Create | Fire Galley |
| 16:45 | Create | Fire Galley |
| 16:59 | Create | Villager (Male) |
| 17:15 | Create | Villager (Male) |
| 17:16 | Create | Archer |
| 17:16 | Create | Archer |
| 17:20 | Build | House |
| 17:20 | Create | Villager (Male) |
| 17:31 | Create | Archer |
| 17:31 | Create | Archer |
| 17:57 | Create | Villager (Male) |
| 17:59 | Build | House |
| 18:00 | Create | Villager (Male) |
| 18:01 | Create | Archer |
| 18:01 | Create | Archer |
| 18:15 | Create | Villager (Male) |
| 18:38 | Create | Archer |
| 18:38 | Create | Archer |
| 18:38 | Create | Archer |
| 18:48 | Create | Archer |
| 18:49 | Create | Archer |
| 18:49 | Create | Villager (Male) |
| 18:56 | Create | Villager (Male) |
| 19:09 | Build | Settlement |
| 19:23 | Create | Archer |
| 19:23 | Create | Archer |
| 19:40 | Create | Villager (Male) |
| 19:41 | Create | Archer |
| 19:42 | Create | Archer |
| 19:46 | Build | House |
| 19:51 | Research | Wheelbarrow |
| 19:51 | Research | Wheelbarrow |
| 19:56 | Build | Market |
| 20:24 | Build | Dock |
| 20:29 | Create | Villager (Male) |
| 20:31 | Create | Archer |
| 20:31 | Create | Archer |
| 20:37 | Create | Villager (Male) |
| 21:05 | Create | Archer |
| 21:05 | Create | Archer |
| 21:07 | Create | Villager (Male) |
| 21:33 | Build | House |
| 21:34 | Build | House |
| 21:39 | Create | Archer |
| 21:39 | Create | Archer |
| 22:19 | Create | Villager (Male) |
| 22:20 | Create | Archer |
| 22:20 | Create | Archer |
| 23:00 | Build | House |
| 23:01 | Create | Villager (Male) |
| 23:02 | Create | Villager (Male) |
| 23:07 | Build | House |
| 23:27 | Create | Archer |
| 23:27 | Create | Archer |
| 24:14 | Research | Castle Age |
| 24:14 | Research | Castle Age |
| 24:31 | Create | Archer |
| 24:31 | Create | Archer |
| 24:59 | Create | Villager (Male) |
| 25:14 | Build | Settlement |
| 25:23 | Create | Archer |
| 25:23 | Create | Archer |
| 25:30 | Build | Archery Range |
| 25:31 | Build | Archery Range |
| 25:40 | Build | House |
| 25:42 | Build | Palisade Wall |
| 25:43 | Build | House |
| 25:47 | Build | House |
| 25:48 | Build | House |
| 26:24 | Create | Villager (Male) |
| 26:54 | Age | Castle Age |
| 26:58 | Build | Siege Workshop |
| 27:11 | Research | Bodkin Arrow |
| 27:11 | Research | Bodkin Arrow |
| 27:27 | Research | Crossbowman (upgrade) |
| 27:28 | Research | Crossbowman (upgrade) |
| 27:28 | Create | Archer |
| 27:29 | Create | Archer |
| 27:37 | Build | Blacksmith |
| 27:42 | Build | University |
| 27:46 | Create | Archer |
Build order — Elliminator
First 150 of 423 actions detected
| 1:27 | Build | Town Center |
| 3:01 | Create | Villager (Male) |
| 3:01 | Create | Villager (Male) |
| 3:01 | Create | Villager (Male) |
| 3:01 | Create | Villager (Male) |
| 3:02 | Create | Villager (Male) |
| 3:19 | Build | House |
| 3:23 | Build | House |
| 4:31 | Build | Dock |
| 4:51 | Create | Villager (Male) |
| 4:51 | Create | Villager (Male) |
| 4:51 | Create | Villager (Male) |
| 5:12 | Create | Villager (Male) |
| 5:12 | Create | Villager (Male) |
| 5:17 | Research | Loom |
| 5:28 | Create | Villager (Male) |
| 5:50 | Create | Villager (Male) |
| 5:50 | Create | Villager (Male) |
| 5:50 | Create | Villager (Male) |
| 6:16 | Create | Villager (Male) |
| 6:37 | Create | Villager (Male) |
| 7:06 | Create | Villager (Male) |
| 7:06 | Create | Villager (Male) |
| 7:13 | Build | House |
| 7:40 | Create | Villager (Male) |
| 7:40 | Create | Villager (Male) |
| 8:23 | Create | Fishing Ship |
| 8:27 | Create | Villager (Male) |
| 8:59 | Create | Villager (Male) |
| 9:19 | Create | Villager (Male) |
| 9:25 | Create | Fishing Ship |
| 10:06 | Create | Villager (Male) |
| 10:11 | Create | Fishing Ship |
| 10:26 | Build | House |
| 10:28 | Build | House |
| 10:45 | Create | Villager (Male) |
| 10:45 | Create | Villager (Male) |
| 11:02 | Build | Lumber Camp |
| 11:10 | Create | Villager (Male) |
| 11:17 | Build | House |
| 11:21 | Build | Palisade Wall |
| 12:01 | Build | Mining Camp |
| 12:06 | Research | Feudal Age |
| 12:13 | Build | House |
| 12:15 | Build | House |
| 12:19 | Build | House |
| 13:05 | Build | Barracks |
| 13:18 | Build | Barracks |
| 13:22 | Create | Villager (Male) |
| 13:22 | Create | Villager (Male) |
| 13:22 | Create | Villager (Male) |
| 13:37 | Create | Fishing Ship |
| 13:56 | Create | Villager (Male) |
| 14:31 | Age | Feudal Age |
| 14:36 | Build | Stone Wall |
| 14:51 | Build | Archery Range |
| 14:56 | Build | Building 487 |
| 15:04 | Research | Double-Bit Axe |
| 15:06 | Create | Villager (Male) |
| 15:06 | Create | Villager (Male) |
| 15:08 | Create | Demolition Raft |
| 15:14 | Create | Fishing Ship |
| 15:42 | Build | Archery Range |
| 15:49 | Build | Stone Wall |
| 15:50 | Build | Stone Wall |
| 15:52 | Build | Stone Wall |
| 15:54 | Build | Building 673 |
| 15:59 | Create | Villager (Male) |
| 16:14 | Create | Galley |
| 16:27 | Create | Villager (Male) |
| 16:39 | Build | Blacksmith |
| 17:08 | Create | Villager (Male) |
| 17:22 | Build | Mill |
| 17:31 | Build | Mining Camp |
| 17:33 | Create | Villager (Male) |
| 17:36 | Create | Archer |
| 17:37 | Create | Archer |
| 17:41 | Build | House |
| 17:42 | Build | House |
| 17:42 | Build | House |
| 17:44 | Build | House |
| 17:46 | Build | House |
| 17:50 | Build | House |
| 17:51 | Build | House |
| 17:52 | Build | House |
| 18:17 | Build | Lumber Camp |
| 18:21 | Research | Castle Age |
| 18:51 | Research | Fletching |
| 19:12 | Create | Archer |
| 19:12 | Create | Archer |
| 19:28 | Research | Gold Mining |
| 19:51 | Research | Horse Collar |
| 19:54 | Create | Archer |
| 19:54 | Create | Archer |
| 19:55 | Create | Archer |
| 20:09 | Build | Archery Range |
| 20:19 | Create | Archer |
| 20:20 | Create | Archer |
| 20:44 | Create | Villager (Male) |
| 20:45 | Create | Villager (Male) |
| 20:58 | Build | Farm |
| 20:58 | Build | Farm |
| 20:58 | Build | Farm |
| 20:58 | Build | Farm |
| 20:59 | Build | Farm |
| 21:02 | Create | Villager (Male) |
| 21:02 | Create | Villager (Male) |
| 21:21 | Age | Castle Age |
| 21:34 | Research | Crossbowman (upgrade) |
| 21:34 | Research | Crossbowman (upgrade) |
| 21:44 | Build | University |
| 21:52 | Create | Villager (Male) |
| 21:57 | Create | Archer |
| 21:57 | Create | Archer |
| 22:04 | Build | Outpost |
| 22:21 | Create | Archer |
| 22:21 | Create | Archer |
| 22:21 | Create | Archer |
| 22:39 | Build | Town Center |
| 22:43 | Create | Villager (Male) |
| 22:44 | Create | Villager (Male) |
| 22:44 | Create | Villager (Male) |
| 22:49 | Build | Farm |
| 23:05 | Create | Archer |
| 23:05 | Create | Archer |
| 23:06 | Create | Villager (Male) |
| 23:06 | Create | Villager (Male) |
| 23:06 | Create | Villager (Male) |
| 23:16 | Create | Villager (Male) |
| 23:38 | Build | Outpost |
| 23:46 | Research | Bodkin Arrow |
| 23:53 | Create | Archer |
| 23:53 | Create | Archer |
| 24:33 | Research | Ballistics |
| 24:36 | Create | Archer |
| 24:36 | Create | Archer |
| 24:41 | Create | Villager (Male) |
| 24:41 | Create | Villager (Male) |
| 24:42 | Create | Villager (Male) |
| 24:42 | Create | Villager (Male) |
| 25:00 | Create | Archer |
| 25:00 | Create | Archer |
| 25:00 | Create | Archer |
| 25:06 | Build | Outpost |
| 25:14 | Create | Villager (Male) |
| 25:14 | Create | Villager (Male) |
| 25:27 | Create | Villager (Male) |
| 25:29 | Create | Villager (Male) |
| 25:29 | Create | Villager (Male) |
| 26:09 | Create | Archer |
Build order — Talolandia
First 150 of 350 actions detected
| 0:55 | Build | Dock |
| 0:59 | Build | Town Center |
| 2:55 | Create | Villager (Male) ×4 |
| 3:03 | Create | Fishing Ship |
| 3:04 | Create | Fishing Ship |
| 3:41 | Create | Villager (Male) |
| 3:59 | Build | House |
| 4:57 | Create | Villager (Male) |
| 4:57 | Create | Villager (Male) |
| 5:03 | Create | Fishing Ship |
| 5:03 | Create | Fishing Ship |
| 5:31 | Create | Villager (Male) |
| 5:31 | Create | Villager (Male) |
| 5:32 | Create | Villager (Male) |
| 5:33 | Create | Villager (Male) |
| 6:00 | Create | Fishing Ship |
| 6:14 | Build | House |
| 6:17 | Create | Villager (Male) |
| 6:37 | Create | Villager (Male) |
| 6:47 | Build | House |
| 7:13 | Create | Villager (Male) |
| 7:20 | Create | Fishing Ship |
| 7:36 | Create | Villager (Male) |
| 7:53 | Build | House |
| 8:00 | Create | Villager (Male) |
| 8:07 | Build | House |
| 8:20 | Research | Loom |
| 8:43 | Create | Fishing Ship |
| 8:57 | Create | Villager (Male) |
| 9:26 | Create | Villager (Male) |
| 9:49 | Create | Villager (Male) |
| 10:11 | Build | Dock |
| 10:17 | Build | Lumber Camp |
| 10:18 | Create | Villager (Male) |
| 10:37 | Research | Feudal Age |
| 10:38 | Research | Feudal Age |
| 10:38 | Research | Feudal Age |
| 10:54 | Build | Palisade Wall |
| 11:10 | Build | Mining Camp |
| 11:59 | Build | Palisade Wall |
| 12:00 | Build | Palisade Wall |
| 12:01 | Build | Palisade Wall |
| 12:02 | Build | Palisade Wall |
| 12:06 | Build | Building 796 |
| 12:11 | Build | Palisade Wall |
| 12:43 | Create | Villager (Male) |
| 12:53 | Age | Feudal Age |
| 12:54 | Create | Galley |
| 12:55 | Create | Galley |
| 12:55 | Create | Galley |
| 12:57 | Research | Double-Bit Axe |
| 12:57 | Research | Double-Bit Axe |
| 12:58 | Research | Double-Bit Axe |
| 13:12 | Build | Palisade Wall |
| 13:17 | Research | Gold Mining |
| 13:23 | Create | Villager (Male) |
| 13:46 | Build | Palisade Wall |
| 13:47 | Build | Palisade Wall |
| 13:48 | Build | Palisade Wall |
| 13:49 | Build | Palisade Wall |
| 13:50 | Build | Palisade Wall |
| 13:50 | Build | Palisade Wall |
| 13:51 | Build | Palisade Wall |
| 13:52 | Build | Palisade Wall |
| 13:53 | Build | Palisade Wall |
| 13:53 | Build | Palisade Wall |
| 13:55 | Create | Villager (Male) |
| 14:01 | Build | Mill |
| 14:19 | Create | Villager (Male) |
| 14:23 | Create | Galley |
| 14:28 | Create | Galley |
| 14:35 | Build | Palisade Wall |
| 14:41 | Create | Galley |
| 14:48 | Create | Villager (Male) |
| 14:50 | Build | House |
| 15:06 | Create | Villager (Male) |
| 15:14 | Create | Galley |
| 15:16 | Create | Villager (Male) |
| 15:24 | Build | Palisade Wall |
| 15:25 | Build | Palisade Wall |
| 15:25 | Build | Palisade Wall |
| 15:46 | Create | Villager (Male) |
| 15:54 | Create | Villager (Male) |
| 15:58 | Build | House |
| 15:58 | Build | House |
| 16:15 | Build | House |
| 16:33 | Build | House |
| 16:39 | Build | Blacksmith |
| 16:47 | Create | Villager (Male) |
| 17:12 | Build | House |
| 17:25 | Create | Villager (Male) |
| 17:29 | Build | Market |
| 17:43 | Research | Fletching |
| 18:03 | Build | House |
| 18:05 | Research | Castle Age |
| 18:05 | Research | Castle Age |
| 18:05 | Research | Castle Age |
| 18:29 | Create | Galley |
| 18:30 | Create | Galley |
| 18:37 | Build | Dock |
| 19:24 | Create | Galley |
| 19:24 | Create | Galley |
| 19:54 | Create | Galley |
| 19:54 | Create | Galley |
| 20:45 | Age | Castle Age |
| 20:46 | Build | Town Center |
| 20:50 | Build | Town Center |
| 20:53 | Research | War Galley (upgrade) |
| 21:04 | Create | Villager (Male) |
| 21:07 | Research | Bow Saw |
| 21:07 | Research | Bow Saw |
| 21:11 | Research | Bodkin Arrow |
| 21:11 | Research | Bodkin Arrow |
| 21:11 | Research | Bodkin Arrow |
| 21:18 | Create | Galley |
| 21:18 | Create | Galley |
| 21:18 | Create | Galley |
| 21:39 | Create | Villager (Male) |
| 21:52 | Create | Villager (Male) ×3 |
| 22:01 | Create | Villager (Male) |
| 22:12 | Build | Farm |
| 22:13 | Build | Farm |
| 22:13 | Build | Farm |
| 22:13 | Build | Farm |
| 22:35 | Create | Galley |
| 22:36 | Create | Galley |
| 22:36 | Create | Villager (Male) ×2 |
| 23:05 | Create | Villager (Male) |
| 23:24 | Create | Villager (Male) ×3 |
| 23:36 | Create | Villager (Male) ×3 |
| 23:46 | Create | Demolition Raft |
| 23:48 | Research | Tech 905 |
| 23:53 | Create | Villager (Male) ×3 |
| 24:02 | Research | Horse Collar |
| 24:02 | Research | Horse Collar |
| 24:03 | Research | Horse Collar |
| 24:04 | Build | Farm |
| 24:04 | Build | Farm |
| 24:04 | Build | Farm |
| 24:04 | Build | Farm |
| 24:05 | Build | Farm |
| 24:05 | Build | Farm |
| 24:05 | Build | Farm |
| 24:05 | Build | Farm |
| 24:05 | Build | Farm |
| 24:06 | Build | Farm |
| 24:17 | Create | Villager (Male) ×3 |
| 24:26 | Create | Demolition Raft |
| 24:41 | Create | Villager (Male) ×2 |
| 24:44 | Build | Farm |
Build order — nanoushka
First 150 of 189 actions detected
| 1:16 | Build | Town Center |
| 1:49 | Build | House |
| 3:09 | Create | Villager (Male) |
| 3:09 | Create | Villager (Male) |
| 3:10 | Create | Villager (Male) |
| 3:29 | Create | Villager (Male) |
| 3:29 | Create | Villager (Male) |
| 4:14 | Create | Villager (Male) |
| 5:00 | Create | Villager (Male) |
| 5:01 | Create | Villager (Male) |
| 5:48 | Create | Villager (Male) |
| 5:55 | Build | House |
| 6:01 | Build | House |
| 7:10 | Create | Villager (Male) |
| 7:10 | Create | Villager (Male) |
| 7:10 | Create | Villager (Male) |
| 7:13 | Create | Villager (Male) |
| 7:40 | Build | Lumber Camp |
| 8:51 | Create | Villager (Male) |
| 8:52 | Create | Villager (Male) |
| 9:40 | Research | Loom |
| 9:51 | Build | Mining Camp |
| 9:59 | Create | Villager (Male) |
| 10:02 | Create | Villager (Male) |
| 10:44 | Research | Feudal Age |
| 11:26 | Create | Villager (Male) |
| 11:27 | Create | Villager (Male) |
| 11:49 | Build | Barracks |
| 12:13 | Build | House |
| 12:55 | Age | Feudal Age |
| 13:02 | Research | Double-Bit Axe |
| 13:26 | Build | Stable |
| 13:32 | Create | Villager (Male) |
| 13:33 | Create | Villager (Male) |
| 13:53 | Build | House |
| 14:02 | Build | House |
| 14:03 | Build | House |
| 14:07 | Create | Scout Cavalry |
| 14:38 | Build | Mill |
| 15:03 | Research | Wheelbarrow |
| 15:06 | Create | Villager (Male) |
| 15:06 | Create | Villager (Male) |
| 15:25 | Build | Palisade Wall |
| 16:06 | Build | Farm |
| 16:06 | Build | Farm |
| 16:06 | Build | Farm |
| 16:06 | Build | Farm |
| 16:18 | Research | Horse Collar |
| 16:37 | Create | Villager (Male) |
| 16:38 | Create | Villager (Male) |
| 16:44 | Build | Farm |
| 17:14 | Create | Scout Cavalry |
| 17:19 | Build | Farm |
| 17:22 | Build | Farm |
| 17:22 | Build | Farm |
| 18:33 | Create | Villager (Male) |
| 18:33 | Create | Villager (Male) |
| 18:33 | Create | Villager (Male) |
| 18:33 | Create | Villager (Male) |
| 18:39 | Build | Farm |
| 18:39 | Build | Farm |
| 18:39 | Build | Farm |
| 19:00 | Research | Bloodlines |
| 19:11 | Build | Farm |
| 19:27 | Create | Scout Cavalry |
| 20:23 | Create | Villager (Male) ×5 |
| 20:40 | Build | Farm |
| 20:40 | Build | Farm |
| 20:41 | Build | Farm |
| 21:15 | Build | Stable |
| 21:35 | Create | Villager (Male) |
| 21:45 | Build | House |
| 21:50 | Build | House |
| 21:52 | Build | House |
| 22:49 | Build | Blacksmith |
| 22:56 | Build | Palisade Wall |
| 22:59 | Build | Farm |
| 22:59 | Build | Farm |
| 23:12 | Build | House |
| 23:51 | Research | Castle Age |
| 23:54 | Research | Scale Barding Armor |
| 23:55 | Research | Forging |
| 24:15 | Build | Stable |
| 24:22 | Create | Villager (Male) |
| 26:17 | Age | Castle Age |
| 26:22 | Research | Husbandry |
| 26:48 | Research | Chain Barding Armor |
| 26:48 | Research | Iron Casting |
| 26:53 | Create | Knight ×5 |
| 26:57 | Create | Knight ×5 |
| 27:29 | Build | Town Center |
| 27:31 | Create | Villager (Male) ×5 |
| 27:50 | Build | Monastery |
| 28:34 | Build | Town Center |
| 28:52 | Create | Villager (Male) ×5 |
| 28:53 | Create | Knight ×2 |
| 29:01 | Build | Farm |
| 29:12 | Create | Villager (Male) ×5 |
| 29:38 | Create | Villager (Male) ×5 |
| 30:38 | Research | Bow Saw |
| 30:42 | Research | Heavy Plow |
| 30:45 | Create | Monk |
| 30:49 | Create | Villager (Male) ×5 |
| 31:03 | Create | Knight |
| 31:12 | Build | House |
| 31:14 | Build | House |
| 31:15 | Build | House |
| 32:09 | Create | Villager (Male) ×5 |
| 32:18 | Build | House |
| 32:22 | Build | House |
| 32:23 | Build | House |
| 32:23 | Build | House |
| 32:44 | Build | House |
| 32:45 | Build | House |
| 32:46 | Build | House |
| 32:47 | Build | House |
| 32:49 | Build | House |
| 32:51 | Build | House |
| 33:02 | Create | Villager (Male) ×5 |
| 33:04 | Create | Knight ×5 |
| 34:28 | Create | Knight ×5 |
| 34:29 | Create | Villager (Male) ×5 |
| 34:46 | Create | Knight ×4 |
| 35:03 | Build | Mining Camp |
| 35:08 | Research | Gold Mining |
| 35:09 | Research | Stone Mining |
| 35:12 | Create | Villager (Male) ×5 |
| 35:30 | Build | Building 487 |
| 36:09 | Build | Farm |
| 36:09 | Build | Farm |
| 36:09 | Build | Farm |
| 36:09 | Build | Farm |
| 36:10 | Build | Farm |
| 36:10 | Build | Farm |
| 36:10 | Build | Farm |
| 36:10 | Build | Farm |
| 36:16 | Research | Gold Shaft Mining |
| 36:16 | Research | Stone Shaft Mining |
| 36:24 | Create | Villager (Male) ×5 |
| 37:08 | Build | Farm |
| 37:08 | Build | Farm |
| 37:09 | Build | Farm |
| 37:09 | Build | Farm |
| 37:09 | Build | Farm |
| 37:09 | Build | Farm |
| 37:10 | Build | Farm |
| 37:10 | Build | Farm |
| 37:18 | Build | House |
| 37:20 | Build | House |
| 37:21 | Build | House |
Match timeline
| 0:55 | Talolandia · first_building Dock |
| 2:40 | Confiturier · first_building Dock |
| 2:53 | Sojasucray · first_building Dock |
| 3:31 | Lord McKinsey · first_building Dock |
| 4:31 | Elliminator · first_building Dock |
| 10:54 | Talolandia · wall_segment Palisade Wall x1 |
| 11:21 | Elliminator · wall_segment Palisade Wall x1 |
| 11:27 | Sojasucray · first_building Barracks |
| 11:49 | nanoushka · first_building Barracks |
| 11:59 | Talolandia · wall_segment Palisade Wall x1 |
| 12:00 | Talolandia · wall_segment Palisade Wall x1 |
| 12:01 | Talolandia · wall_segment Palisade Wall x1 |
| 12:02 | Talolandia · wall_segment Palisade Wall x1 |
| 12:11 | Talolandia · wall_segment Palisade Wall x5 |
| 12:33 | Sojasucray · wall_segment Palisade Wall x1 |
| 12:44 | Confiturier · first_building Barracks |
| 12:53 | Talolandia · age_up feudal |
| 12:55 | nanoushka · age_up feudal |
| 13:05 | Elliminator · first_building Barracks |
| 13:12 | Talolandia · wall_segment Palisade Wall x2 |
| 13:18 | Confiturier · age_up feudal |
| 13:26 | nanoushka · first_building Stable |
| 13:33 | Sojasucray · age_up feudal |
| 13:36 | Sojasucray · first_building Archery Range |
| 13:46 | Talolandia · wall_segment Palisade Wall x1 |
| 13:47 | Talolandia · wall_segment Palisade Wall x1 |
| 13:48 | Talolandia · wall_segment Palisade Wall x1 |
| 13:49 | Talolandia · wall_segment Palisade Wall x1 |
| 13:50 | Talolandia · wall_segment Palisade Wall x1 |
| 13:50 | Talolandia · wall_segment Palisade Wall x1 |
| 13:51 | Talolandia · wall_segment Palisade Wall x1 |
| 13:52 | Talolandia · wall_segment Palisade Wall x1 |
| 13:53 | Talolandia · wall_segment Palisade Wall x1 |
| 13:53 | Talolandia · wall_segment Palisade Wall x1 |
| 14:31 | Elliminator · age_up feudal |
| 14:35 | Talolandia · wall_segment Palisade Wall x1 |
| 14:36 | Elliminator · wall_segment Stone Wall x1 |
| 14:46 | Lord McKinsey · wall_segment Palisade Wall x1 |
| 14:46 | Lord McKinsey · wall_segment Palisade Wall x1 |
| 14:51 | Elliminator · first_building Archery Range |
| 15:04 | Lord McKinsey · age_up feudal |
| 15:24 | Talolandia · wall_segment Palisade Wall x1 |
| 15:25 | Talolandia · wall_segment Palisade Wall x1 |
| 15:25 | Talolandia · wall_segment Palisade Wall x1 |
| 15:25 | nanoushka · wall_segment Palisade Wall x7 |
| 15:49 | Elliminator · wall_segment Stone Wall x1 |
| 15:50 | Elliminator · wall_segment Stone Wall x1 |
| 15:52 | Elliminator · wall_segment Stone Wall x5 |
| 16:35 | Confiturier · first_building Archery Range |
| 18:11 | Confiturier · wall_segment Palisade Wall x1 |
| 20:04 | Confiturier · age_up castle |
| 20:45 | Talolandia · age_up castle |
| 21:21 | Elliminator · age_up castle |
| 22:00 | Lord McKinsey · wall_segment Stone Wall x13 |
| 22:03 | Confiturier · first_building Monastery |
| 22:46 | Sojasucray · first_market_sell 100 wood |
| 22:50 | Sojasucray · first_market_buy 100 food |
| 22:56 | nanoushka · wall_segment Palisade Wall x7 |
| 23:44 | Lord McKinsey · age_up castle |
| 23:49 | Lord McKinsey · wall_segment Stone Wall x7 |
| 23:53 | Lord McKinsey · wall_segment Stone Wall x12 |
| 23:55 | Lord McKinsey · wall_segment Stone Wall x1 |
| 23:56 | Lord McKinsey · wall_segment Stone Wall x1 |
| 23:59 | Lord McKinsey · first_market_buy 100 stone |
| 24:03 | Lord McKinsey · wall_segment Stone Wall x1 |
| 25:30 | Talolandia · first_market_buy 100 food |
| 25:42 | Sojasucray · wall_segment Palisade Wall x1 |
| 26:17 | nanoushka · age_up castle |
| 26:54 | Sojasucray · age_up castle |
| 26:58 | Sojasucray · first_building Siege Workshop |
| 27:50 | nanoushka · first_building Monastery |
| 27:58 | Elliminator · wall_segment Stone Wall x7 |
| 28:00 | Elliminator · wall_segment Stone Wall x1 |
| 28:01 | Elliminator · wall_segment Stone Wall x4 |
| 28:42 | Talolandia · first_building Monastery |
| 29:14 | Elliminator · wall_segment Stone Wall x5 |
| 29:20 | Elliminator · wall_segment Stone Wall x6 |
| 30:08 | Elliminator · first_market_buy 100 food |
| 30:45 | Talolandia · first_building Siege Workshop |
| 30:51 | Lord McKinsey · first_building Barracks |
| 31:06 | Talolandia · first_building Castle |
| 31:54 | Elliminator · first_market_sell 100 wood |
| 32:27 | Talolandia · wall_segment Stone Wall x3 |
| 32:28 | Talolandia · wall_segment Stone Wall x1 |
| 32:29 | Talolandia · wall_segment Stone Wall x1 |
| 32:42 | Elliminator · first_building Castle |
| 33:26 | Elliminator · wall_segment Stone Wall x7 |
| 33:27 | Elliminator · wall_segment Stone Wall x3 |
| 33:40 | Talolandia · wall_segment Stone Wall x5 |
| 33:43 | Talolandia · wall_segment Stone Wall x6 |
| 34:58 | Talolandia · age_up imperial |
| 35:07 | Lord McKinsey · first_building Castle |
| 35:41 | Confiturier · first_building Castle |
| 35:43 | Talolandia · first_market_sell 500 wood |
| 35:44 | Lord McKinsey · first_building Archery Range |
| 36:56 | Talolandia · first_building Barracks |
| 37:02 | Confiturier · age_up imperial |
| 37:44 | Confiturier · first_building Stable |
| 37:51 | nanoushka · first_building Castle |
| 38:32 | Elliminator · age_up imperial |
| 38:54 | Confiturier · first_market_sell 500 food |
| 39:16 | Talolandia · first_building Archery Range |
| 39:22 | nanoushka · first_market_buy 100 food |
| 41:06 | Lord McKinsey · age_up imperial |
| 41:26 | Lord McKinsey · first_market_sell 100 food |
| 41:36 | Sojasucray · age_up imperial |
| 42:14 | nanoushka · age_up imperial |
| 43:16 | Sojasucray · first_building Castle |
| 43:46 | Confiturier · resign |
[ AI ANALYSIS · 1 CREDIT ]
What really happened in this match?
Wolo.gg analyzes every decision: build order, eco, micro, common mistakes by bracket. Personalized analysis on WhatsApp or Discord in 30 seconds.
Civ guide
Chinese
Perfil
Jugador #17530735